 Dungeon Crawl Stone Soup version 0.20.1 (console) character file.

1104 bli the Cleaver (level 8, 0/71 HPs)
             Began as a Hill Orc Monk on July 2, 2017.
             Slain by Duvessa
             ... wielding a +0 short sword
              (4 damage)
             ... on level 5 of the Dungeon.
             The game lasted 00:20:14 (4754 turns).

bli the Cleaver (Hill Orc Monk)                     Turns: 4754, Time: 00:20:15

Health: 0/71       AC:  6    Str: 15    XL:     8   Next: 32%
Magic:  0/8        EV: 13    Int:  8    God:
Gold:   174        SH:  0    Dex: 14    Spells: 7/7 levels left

rFire    + . .     SeeInvis .   a - +1 spear (venom)
rCold    x . .     Gourm    .   (no shield)
rNeg     . . .     Faith    .   D - +0 leather armour
rPois    .         Spirit   +   G - +2 helmet
rElec    .         Reflect  .   (no cloak)
rCorr    .         Harm     .   (no gloves)
MR       .....                  (no boots)
Stlth    ++........             h - amulet of guardian spirit
Regen    0.3/turn               t - -2 ring of intelligence (curse)
MPRegen  0.2/turn               A - ring of fire

@: no status effects
A: no striking features
a: no special abilities


You were on level 5 of the Dungeon.
You were hungry.

You visited 1 branch of the dungeon, and saw 5 of its levels.
You also visited: Sewer.

You collected 174 gold pieces.

Inventory:

Hand Weapons
 a - a +1 spear of venom (weapon)
 b - a +1 hand axe of flaming
 j - a +1 dagger of electrocution
 H - a +3 quarterstaff of chaos
 N - a +0 war axe
Missiles
 m - 168 stones (quivered)
 L - a tomahawk of dispersal
 M - 7 javelins
Armour
 e - a +0 helmet
 f - a +0 ring mail
 i - a +0 scale mail
 v - a +0 ring mail
 w - a +0 robe
 D - a +0 leather armour (worn)
 G - a +2 helmet (worn)
 I - a +0 cloak
 O - a +0 chain mail
 P - a +0 chain mail
 T - a +0 ring mail
Jewellery
 h - an amulet of guardian spirit (around neck)
 t - a cursed -2 ring of intelligence (left hand)
 x - an uncursed amulet of guardian spirit
 A - a ring of fire (right hand)
 Q - a cursed amulet of inaccuracy {unknown}
Wands
 J - a wand of lightning (4/15)
 R - a wand of lightning (11/15)
Scrolls
 g - 4 scrolls of remove curse {unknown}
 o - 7 scrolls of identify {unknown}
 p - 4 scrolls of fear {unknown}
 q - 2 scrolls of random uselessness {unknown}
 y - 2 scrolls of fog {unknown}
 C - 3 scrolls of recharging {unknown}
 F - 3 scrolls of magic mapping {unknown}
Potions
 d - a potion of lignification {unknown}
 k - a potion of ambrosia {unknown}
 n - a potion of invisibility {unknown}
 r - a potion of haste {unknown}
 u - a potion of heal wounds {unknown}
 z - a potion of flight {unknown}
 K - a potion of magic {unknown}
 S - a potion of might
Comestibles
 c - 2 bread rations
 l - 6 meat rations
 s - 2 fruits
 B - a royal jelly


   Skills:
 * Level 6.7 Fighting
 + Level 8.0(8.5) Axes
 + Level 3.3(5.4) Polearms
 + Level 4.1 Armour
 + Level 3.3 Dodging
 + Level 2.5 Stealth


You had 7 spell levels left.
You didn't know any spells.

Dungeon Overview and Level Annotations

Branches:
Dungeon (5/15)
 Temple: D:4-7

Altars:
Dithmenos
The Shining One

Annotations:
D:5 Duvessa


Message History

* * * LOW HITPOINT WARNING * * *
Press: ? - help, v - describe, . - travel
Here: Duvessa, wielding a short sword and wearing a leather armour (severely wounded, berserk, fast, unusually strong, poisoned)
The floor, spattered with blood.
Your +1 hand axe of flaming stops flaming.
Your +1 spear of venom begins to drip with poison!
a - a +1 spear of venom (weapon)
Duvessa closely misses you.
You closely miss Duvessa.
Duvessa is severely wounded.
Duvessa hits you but does no damage.
Attack whom?
Press: ? - help, Dir - move target cursor, f/p - Duvessa
Aim: Duvessa, wielding a short sword and wearing a leather armour (severely wounded, berserk, fast, unusually strong, poisoned)
Okay, then.
Unknown command.
You hit Duvessa.
Duvessa looks even sicker.
Duvessa is severely wounded.
Duvessa hits you with a short sword.
You die...

# ##### #.## ##
#..### .# ##....###
.## ###..##...# ..#
##..####..#. #.#
##.........## #.##
###.........## #..#
##...........# ##.#
##...........## #.##
##..#.........#
##..####
###@.##........##
#..#...####
##.e###........##
..#####...###..##
#)......## .##
###.......#####....##
## ###.......########
#.......>.###
##.#.......e#
#.#####...e...#
#...######......
#...<..# ###...
#.###### #.


You could see Duvessa (berserk).

Vanquished Creatures
  Sigmund (D:3)
  An ice beast (D:5)
  3 ogres
  A crocodile (Sewer)
  A scorpion (D:4)
  Dowan (D:5)
  A crimson imp (D:5)
  A bullfrog zombie (D:5)
  2 orc wizards
  A hound (D:5)
  Crazy Yiuf (D:3)
  A bullfrog skeleton (D:5)
  An iguana (D:4)
  A worker ant (D:4)
  Robin (D:3)
  3 adders
  5 oozes
  An adder skeleton (D:4)
  2 worms (D:3)
  2 leopard geckos (D:1)
  9 orcs
  4 ball pythons
  3 giant cockroaches
  8 goblins
  9 hobgoblins
  5 jackals
  8 kobolds
  2 quokkas (D:3)
  A ball python skeleton (D:5)
  8 bats
  6 frilled lizards
  11 rats
105 creatures vanquished.

Vanquished Creatures (others)
  Ijyb (D:3)
1 creature vanquished.

Grand Total: 106 creatures vanquished

Notes
Turn   | Place    | Note
-------+----------+-------------------------------------------
     0 | D:1      | bli the Hill Orc Monk began the quest for the Orb.
     0 | D:1      | Reached XP level 1. HP: 19/19 MP: 1/1
   300 | D:1      | Reached XP level 2. HP: 23/27 MP: 2/2
   724 | D:1      | Reached XP level 3. HP: 33/33 MP: 3/3
  1426 | D:2      | Reached skill level 1 in Armour
  1426 | D:2      | Reached XP level 4. HP: 40/40 MP: 4/4
  1726 | D:2      | Found a glowing golden altar of the Shining One.
  1924 | D:3      | Found a glowing drain.
  1940 | Sewer    | Entered a sewer
  1997 | Sewer    | Noticed a crocodile
  2012 | Sewer    | Killed a crocodile
  2012 | Sewer    | Reached skill level 5 in Axes
  2012 | Sewer    | Reached XP level 5. HP: 9/47 MP: 1/5
  2544 | D:3      | Noticed Robin
  2553 | D:3      | Killed Robin
  2553 | D:3      | Reached skill level 5 in Fighting
  2632 | D:3      | Noticed Sigmund
  2660 | D:3      | Reached XP level 6. HP: 41/56 MP: 4/6
  2694 | D:3      | Killed Sigmund
  2694 | D:3      | Reached skill level 6 in Axes
  2775 | D:3      | Found a runed door.
  2800 | D:3      | Noticed Crazy Yiuf
  2806 | D:3      | Killed Crazy Yiuf
  2914 | D:3      | Noticed Ijyb
  2920 | D:3      | Killed Ijyb
  3183 | D:3      | Reached XP level 7. HP: 50/62 MP: 5/7
  3544 | D:4      | Reached skill level 7 in Axes
  3672 | D:4      | Reached skill level 1 in Polearms
  4000 | D:5      | Entered Level 5 of the Dungeon
  4338 | D:5      | Found a shadowy altar of Dithmenos.
  4355 | D:5      | Reached XP level 8. HP: 71/71 MP: 8/8
  4505 | D:5      | Reached skill level 8 in Axes
  4716 | D:5      | Noticed Dowan
  4718 | D:5      | Noticed Duvessa
  4745 | D:5      | Killed Dowan
  4754 | D:5      | Slain by Duvessa

Skill      XL: |  1  2  3  4  5  6  7  8 |
---------------+-------------------------+-----
Fighting       | 4 5 6 |  6.7
Armour         | 1 2 3 4 |  4.1
Axes           | 5 6 7 8 |  8.0
Dodging        | 3 |  3.3
Polearms       | 2 3 |  3.3
Stealth        | 2 |  2.5

Action                   |  1- 3 |  4- 6 |  7- 9 || total
-------------------------+-------+-------+-------++-------
Melee: Hand axe          |   103 |       |    74 ||   177
       War axe           |     6 |   107 |    12 ||   125
       Spear             |       |    32 |    59 ||    91
Throw: Stone             |       |     6 |     8 ||    14
 Stab: Sleeping          |     1 |     1 |     2 ||     4
  Eat: Chunk             |     2 |     5 |     5 ||    12
Armor: Robe              |     2 |       |       ||     2
       Ring mail         |    15 |       |       ||    15
       Leather armour    |    22 |    32 |    29 ||    83
Dodge: Dodged            |    71 |    90 |    65 ||   226
